 Dungeon Crawl Stone Soup version 0.31-a0-151-ge443d1f16c (webtiles) character file.

Game seed: 5987568499938834681

77 qw the Shooter (level 4, 0/28 HPs)
             Began as a Gargoyle Hunter on June 8, 2023.
             Slain by an orc
             ... wielding a +0 dagger
              (3 damage)
             ... on level 3 of the Dungeon.
             The game lasted 00:00:45 (1432 turns).

qw the Shooter (Gargoyle Hunter)                    Turns: 1432, Time: 00:00:46

Health: 0/28       AC: 10    Str: 15    XL:     4   Next: 33%
Magic:  4/4        EV: 11    Int:  9    God:
Gold:   158        SH:  0    Dex: 15    Spells: 3/3 levels left

rFire   . . .        Y - +0 shortbow
rCold   . . .        (shield currently unavailable)
rNeg    + . .        b - +0 ring mail
rPois   inf          (no helmet)
rElec   +            (no cloak)
rCorr   .            (no gloves)
SInv    .            a - +1 pair of boots
Will    .....        (no amulet)
Stlth   +            (no ring)
HPRegen 0.24/turn    (no ring)
MPRegen 0.09/turn

%: no passive effects
@: no status effects
A: sickness immunity, AC +3, negative energy resistance 1, electricity
resistance, torment resistance 1, petrification resistance
a: no special abilities


You were on level 3 of the Dungeon.
You visited 1 branch of the dungeon, and saw 3 of its levels.

You collected 158 gold pieces.


Innate Abilities, Weirdness & Mutations

You are immune to sickness and miasma.
Your stone body is resilient. (AC +3)
You are immune to poison.
You resist negative energy. (rN+)
You are resistant to electric shocks. (rElec)
You are resistant to unholy torment.
You are immune to petrification.


   Skills:
 - Level 3.0 Fighting
 - Level 5.3 Ranged Weapons
 + Level 0.6 Armour
 - Level 1.5 Dodging
 - Level 1.1 Stealth


You had 3 spell levels left.
You didn't know any spells.
Your spell library was empty.

Inventory:

Hand Weapons
 Y - a +0 shortbow (weapon)
Armour
 a - a +1 pair of boots (worn)
 b - a +0 ring mail (worn)
Potions
 d - a potion of berserk rage {unknown}
 e - a potion of ambrosia {unknown}
 f - a potion of cancellation {unknown}
 g - a potion of invisibility {unknown}
 h - a potion of enlightenment {unknown}

Dungeon Overview and Level Annotations

Branches:
Dungeon (3/15)

Altars:


Message History

A puff of flame appears from out of thin air!
The puff of flame hits you.
You hear some strange, mumbled words.
You are more confused.
Something hits you but does no damage. Something hits you. Something hits you.
Something hits you but does no damage. Something hits you but does no damage.
Something hits you but does no damage. Something hits you.
Something hits you but does no damage.
You hear some strange, mumbled words.
A magic dart appears from out of thin air!
The magic dart hits you. Something hits you.
You feel less confused. Something hits you but does no damage.
1422 ||| FLEEEEING.
A magic dart appears from out of thin air!
The magic dart hits you.
1424 ||| FLEEEEING.
You hear some strange, mumbled words.
You are confused.
You shoot an arrow. You shoot an arrow.
You hear some strange, mumbled words.
A magic dart appears from out of thin air!
The magic dart hits you. Something hits you but does no damage.
The orc hits you but does no damage.
You hear some strange, mumbled words.
Something tries to affect you, but you resist.
The orc barely misses you. Something hits you but does no damage.
The orc hits you but does no damage. Something hits you but does no damage.
You feel less confused. The orc hits you but does no damage.
Something barely misses you.
You shoot an arrow. The arrow barely misses the orc.
The orc hits you with a +0 dagger.
You die...

..# .# #.# ..
####.## .#
##.....# .# .
###......##.#
..
##.........)#
..
......>...##.#
.. #.##...{o#
.# ..
#.#####@.# .#
.. #.......#
.> .#
#.#####..# .#
## #..# . #
#<.# #..# #..#
#..# #..#


You could see an orc.

Vanquished Creatures
  A gnoll (D:1)
  A worm (D:2)
  A dart slug (D:1)
  An orc (D:3)
  5 ball pythons
  5 bats
  3 endoplasms (D:1)
  4 giant cockroaches
  5 hobgoblins
  11 jackals
  4 quokkas
  4 frilled lizards
  3 kobolds
  6 rats
54 creatures vanquished.

Notes
Turn   | Place    | Note
-------+----------+-------------------------------------------
     0 | D:1      | qw the Gargoyle Hunter began the quest for the Orb.
     0 | D:1      | Reached XP level 1. HP: 12/12 MP: 1/1
     0 | D:1      | 0 ||| qw: Version: 0.2-a-120-gdf1a93b
     0 | D:1      | 0 ||| qw: Game counter: 3088
     0 | D:1      | 0 ||| qw: Always use a shield: true
     0 | D:1      | 0 ||| qw: God list: Okawaru
     0 | D:1      | 0 ||| qw: Allow faded altars: false
     0 | D:1      | 0 ||| qw: Do Orc after D:15 true
     0 | D:1      | 0 ||| qw: Do second Lair branch before Depths: true
     0 | D:1      | 0 ||| qw: Lair rune preference: random
     0 | D:1      | 0 ||| qw: Plans: Normal
     0 | D:1      | 0 ||| PLANNING D:1-11
    32 | D:1      | Found a faded altar of an unknown god.
    69 | D:1      | HP: 3/12 [quokka (3)]
    71 | D:1      | HP: 1/12 [quokka (1)]
   122 | D:1      | Reached XP level 2. HP: 17/17 MP: 2/2
   229 | D:1      | Reached XP level 3. HP: 15/21 MP: 3/3
   233 | D:1      | Reached skill level 5 in Ranged Weapons
   455 | D:1      | Reached skill level 3 in Fighting
   634 | D:1      | 634 ||| READING scroll labelled SUSCHO HANUGIOCS.
   635 | D:1      | 635 ||| READING scroll labelled FETSOKH YLEOFOSO.
   636 | D:1      | 636 ||| DROPPING scroll of butterflies.
   758 | D:2      | Reached XP level 4. HP: 28/28 MP: 4/4
   994 | D:2      | You fall into a shaft and drop 1 floor!
   995 | D:3      | 995 ||| UPGRADING to +1 pair of boots.
  1000 | D:3      | 1000 ||| UPGRADING to +0 ring mail.
  1010 | D:3      | 1010 ||| DROPPING +0 leather armour.
  1336 | D:2      | 1336 ||| READING scroll labelled WUMOWU PUSK.
  1422 | D:3      | 1422 ||| FLEEEEING.
  1423 | D:3      | HP: 6/28 [something/magic dart (6)]
  1424 | D:3      | 1424 ||| FLEEEEING.
  1426 | D:3      | HP: 2/28 [something/magic dart (5)]
  1432 | D:3      | Slain by an orc

Levels and vault maps discovered:
D:1:      lightli_arrival_chessboard, layout_rooms,
          chequers_ecumenical_altar_simple, chequers_hall_statues_corner_a
D:2:      layout_loops_ring, minmay_tall_x
D:3:      layout_loops_ring, gammafunk_temple_overflow_statue

Skill      XL: |  1  2  3 |
---------------+----------+-----
Ranged Weapons | 5 |  5.3
Fighting       | 3 |  3.0
Armour         | |  0.6
Dodging        | |  1.5
Stealth        | |  1.1

Action                     |  1- 3 |  4- 6 || total
---------------------------+-------+-------++-------
   Fire: Shortbow          |   131 |    74 ||   205
    Use: Scroll            |     2 |     1 ||     3
 Armour: Leather armour    |    29 |    13 ||    42
         Ring mail         |       |    23 ||    23
  Dodge: Dodged            |    41 |    26 ||    67

Table legend:
 A = Non-vault XP
 B = Vault XP
 C = Vault XP percentage of total XP
 D = Non-vault monster count
 E = Vault monster count
 F = Vault count percentage of total count
                 A         B        C        D         E       F
            +---------+---------+-------+---------+---------+-------
      Total |     103 |       7 |   6.4 |      50 |       4 |   7.4
            +---------+---------+-------+---------+---------+-------
        D:1 |      72 |       0 |   0.0 |      34 |       0 |   0.0
        D:2 |      28 |       7 |  20.0 |      15 |       4 |  21.1
        D:3 |       3 |       0 |   0.0 |       1 |       0 |   0.0
            +---------+---------+-------+---------+---------+-------
